 Dungeon Crawl Stone Soup version 0.19-a0-1608-g4cf22de (webtiles) character file.

94 Alarkh the Grave Robber (level 4, -4/30 HPs)
             Began as a Mummy Necromancer on Sept 17, 2016.
             Slain by Grinder (5 damage)
             ... on level 3 of the Dungeon.
             The game lasted 00:03:20 (1883 turns).

Alarkh the Grave Robber (Mummy Necromancer)         Turns: 1883, Time: 00:03:21

Health: -4/30      AC: 10    Str: 11    XL:     4   Next: 38%
Magic:  9/9        EV: 11    Int: 15    God:
Gold:   188        SH:  0    Dex: 12    Spells: 3 memorised, 2 levels left

rFire  x . .     SeeInvis .     a - +1 mace (protect)
rCold  + . .     Gourm    .     d - +0 robe (curse)
rNeg   + + +     Faith    .     (no shield)
rPois  ∞         Spirit   .     (no helmet)
rElec  .         Dismiss  .     o - +2 cloak
rCorr  .         Reflect  .     (no gloves)
MR     .....     Harm     .     (no boots)
Stlth  +.........               (no amulet)
                                (no ring)
                                (no ring)

@: very slightly contaminated
A: no food or potions, fire vulnerability, cold resistance 1, negative energy
resistance 3, torment resistance, unbreathing
a: no special abilities


You were on level 3 of the Dungeon.
You were not hungry.

You visited 1 branch of the dungeon, and saw 3 of its levels.

You collected 188 gold pieces.

Inventory:

Hand Weapons
 a - a +1 mace of protection (weapon)
 b - a +1 dagger of venom
 j - a +0 short sword
Missiles
 n - a throwing net (quivered)
Armour
 d - a cursed +0 robe (worn)
 h - a +0 robe
 o - a +2 cloak (worn)
Scrolls
 c - 3 scrolls of magic mapping
 e - a scroll of identify
 f - a scroll of enchant armour
 g - a scroll of recharging
Books
 k - a book of Necromancy

   Spells                             Type                      Level
   a - Pain                           Necromancy                   1
   b - Animate Skeleton               Necromancy                   1
   c - Vampiric Draining              Necromancy                   3
   d - Regeneration                   Charms/Necromancy            3
   e - Animate Dead                   Necromancy                   4
   f - Control Undead                 Necromancy                   4


   Skills:
 - Level 1.5(0.7) Dodging
 - Level 1.5(0.7) Stealth
 + Level 3.5(1.7) Spellcasting
 + Level 4.9(2.4) Necromancy


You had 2 spell levels left.
You knew the following spells:

 Your Spells              Type           Power        Failure   Level  Hunger
a - Pain                  Necr           #...         12%         1    N/A
b - Vampiric Draining     Necr           #.........   30%         3    N/A
c - Control Undead        Necr           #.........   87%         4    N/A

Dungeon Overview and Level Annotations

Branches:
Dungeon (3/15)

Altars:
Ashenzari
Gozag
Nemelex Xobeh
Zin

Annotations:
D:3 George's ghost, amateur MiFi; Grinder


Innate Abilities, Weirdness & Mutations

You do not eat or drink.
Your flesh is vulnerable to fire.
You are immune to poison.
Your flesh is cold resistant. (rC+)
You are immune to negative energy. (rN+++)
You are immune to unholy pain and torment.
You can survive without breathing.


Message History

George's ghost hits you but does no damage.
Grinder gestures at you.
You are unaffected.
Unknown command.
As you read the scroll labeled LIZEQI FILLIN, it crumbles to dust.
The creatures around you are filled with an inner flame!
It was a scroll of immolation.
George's ghost hits you. Grinder hits you but does no damage.
You sock Grinder!
Grinder is lightly wounded.
George's ghost hits you.
* * * LOW HITPOINT WARNING * * *
Grinder hits you.
* * * LOW HITPOINT WARNING * * *
George's ghost hits you.
* * * LOW HITPOINT WARNING * * *
You completely miss Grinder.
Grinder is lightly wounded.
Grinder hits you.
You die...

.# ... .# # ##.
######## #..
####......#
###.########..........
#......§.....###......
###.####.....# #.#....
#.####.....###5#....
#.W@5..w........[...
######.....##......#
#!..............
#......##..##...
...<...#........
#.#.....#.###.... #..
##... ...# #... ##
#...


You could see Grinder (inner flame), a worm (inner flame) and George's ghost
(inner flame).

Vanquished Creatures
  5 adders (D:2)
  5 dart slugs
  A leopard gecko (D:1)
  2 giant cockroaches
  4 goblins
  6 hobgoblins
  6 kobolds
  A quokka (D:2)
  3 bats (D:1)
  2 frilled lizards
  6 rats
41 creatures vanquished.

Notes
Turn   | Place    | Note
-------+----------+-------------------------------------------
     0 | D:1      | Alarkh the Mummy Necromancer began the quest for the Orb.
     0 | D:1      | Reached XP level 1. HP: 13/13 MP: 3/3
   208 | D:1      | Reached XP level 2. HP: 9/19 MP: 3/5
  1100 | D:2      | Reached XP level 3. HP: 24/24 MP: 4/7
  1197 | D:2      | Found an opulent altar of Gozag.
  1225 | D:2      | Found a sparkling altar of Nemelex Xobeh.
  1304 | D:2      | Reached XP level 4. HP: 18/30 MP: 2/8
  1317 | D:2      | Learned a level 3 spell: Vampiric Draining
  1322 | D:2      | Learned a level 4 spell: Control Undead
  1467 | D:2      | Found a faded altar of an unknown god.
  1574 | D:2      | Became a worshipper of Ashenzari the Shackled
  1574 | D:2      | Reached * piety under Ashenzari
  1574 | D:2      | Fell from the grace of Ashenzari
  1603 | D:3      | Found a glowing silver altar of Zin.
  1613 | D:3      | Noticed Grinder
  1618 | D:3      | Paralysed by Grinder for 3 turns
  1630 | D:3      | Noticed George's ghost (amateur MiFi)
  1855 | D:3      | Paralysed by Grinder for 6 turns
  1882 | D:3      | HP: 1/30 [George's ghost (3)]
  1883 | D:3      | Slain by Grinder

Vault maps used:
D:1:      lightli_arrival_isolated_outpost, minmay_domino_4
D:2:      nemelex_xobeh_ov_fountains_minmay,
          nicolae_gozag_cash_rules_everything_around_me, first_bread,
          ecumenical_altar_1
D:3:      overflow_temple_1_default, lemuel_coloured_pillars_altar,
          portal_sewer_entry_e, kennysheep_generic_room_7, uniq_grinder

Skill      XL: |  1  2  3 |
---------------+----------+-----
Spellcasting   | 3 |  3.5
Dodging        | |  1.5
Stealth        | |  1.5
Necromancy     | |  4.9

Action                   |  1- 3 |  4- 6 || total
-------------------------+-------+-------++-------
Melee: Unarmed           |     5 |       ||     5
       Short sword       |     4 |       ||     4
       Mace              |    25 |     7 ||    32
       Dagger            |     7 |     2 ||     9
 Cast: Pain              |    62 |    19 ||    81
       Vampiric Draining |       |     1 ||     1
Invok: Renounce Religion |       |     1 ||     1
  Use: Scroll            |     3 |     3 ||     6
Armor: Robe              |    21 |     7 ||    28
Dodge: Dodged            |    46 |     8 ||    54
